 Dungeon Crawl Stone Soup version 0.28.0-1-gb440e238dd (webtiles) character file.

Game seed: 2358748612422381565

138 Zeld the Chiller (level 5, -6/35 HPs)
             Began as a Merfolk Ice Elementalist on Feb 22, 2022.
             Mangled by Menkaure (19 damage)
             ... on level 4 of the Dungeon.
             The game lasted 00:07:22 (3869 turns).

Zeld the Chiller (Merfolk Ice Elementalist)         Turns: 3869, Time: 00:07:22

Health: -6/35      AC:  2    Str:  9    XL:     5   Next: 21%
Magic:  3/9        EV: 13    Int: 16    God:
Gold:   136        SH:  0    Dex: 14    Spells: 2/9 levels left

rFire   . . .      SeeInvis .   a - +0 halberd
rCold   . . .      Faith    .   (shield currently unavailable)
rNeg    . . .      Spirit   .   n - +0 robe
rPois   .          Reflect  .   (no helmet)
rElec   .          Harm     .   d - scarf {+Inv}
rCorr   .          Rampage  .   (no gloves)
Will    .....                   (no boots)
Stlth   ++........              (no amulet)
HPRegen 0.11/turn               (no ring)
MPRegen 0.11/turn               (no ring)

@: freezing walls
A: (nimble swimmer 2), mertail
a: Evoke Invisibility


You were on level 4 of the Dungeon.
You visited 1 branch of the dungeon, and saw 4 of its levels.

You collected 136 gold pieces.

Inventory:

Hand Weapons
 a - a +0 halberd (weapon)
Armour
 d - a scarf of invisibility (worn)
 n - a +0 robe (worn)
Scrolls
 b - 2 scrolls of magic mapping {unknown}
 c - a scroll of vulnerability {unknown}
 e - a scroll of brand weapon {unknown}
 f - a scroll of fear {unknown}
 h - a scroll of acquirement {unknown}
 j - a scroll of enchant armour {unknown}
 k - a scroll of teleportation {unknown}
 m - a scroll of identify {unknown}
Potions
 g - a potion of heal wounds {unknown}
 i - a potion of mutation {unknown}
 l - a potion of flight {unknown}


   Skills:
 + Level 3.8 Dodging
 + Level 3.3 Stealth
 + Level 2.7 Spellcasting
 * Level 5.6 Ice Magic


You had 2 spell levels left.
You knew the following spells:

 Your Spells              Type           Power      Damage    Failure   Level
a - Freeze                Ice            80%        1d9       1%          1
b - Frozen Ramparts       Ice            40%        1d6       6%          3
c - Ozocubu's Armour      Ice            20%        N/A       6%          3

Your spell library contained the following spells:

 Spells                   Type           Power      Damage    Failure   Level
 Hailstorm                Conj/Ice       11%        3d5       52%         4


Dungeon Overview and Level Annotations

Branches:
Dungeon (4/15)
 Temple: D:4-7

Altars:
Dithmenos

Shops:
D:2 (

Annotations:
D:4 Menkaure, Sigmund


Innate Abilities, Weirdness & Mutations

((You are very nimble when in or above water. (Stealth+, EV+, Speed+++)))
Your lower body shifts to a powerful aquatic tail in water.


Message History

A stone staircase leading up.
The walls around you are covered in ice.
Menkaure resists.
The wall freezes Menkaure.
Menkaure hits you!!
Ouch! That really hurt!
Unknown command.
Your frozen ramparts will break if you move.
Continue?
Okay, then.
Casting: Frozen Ramparts (dangerous; 6% risk of failure)
Confirm with . or Enter, or press ? or * to list all spells.
Aiming: Freeze (safe; 1% risk of failure)
Press: ? - help, Shift-Dir - straight line, f - Menkaure
Aim: Menkaure (lightly damaged)
You freeze Menkaure.
Menkaure resists.
Menkaure is moderately damaged.
The wall freezes Sigmund.
Menkaure resists.
The wall freezes Menkaure.
Menkaure casts a spell.
Menkaure seems to speed up.
Casting: Freeze (safe; 1% risk of failure)
Confirm with . or Enter, or press ? or * to list all spells.
Aiming: Freeze (safe; 1% risk of failure)
Press: ? - help, Shift-Dir - straight line, f/p - Menkaure
Aim: Menkaure (moderately damaged, fast)
You freeze Menkaure.
Menkaure resists.
Menkaure is heavily damaged.
Menkaure resists.
The wall freezes Menkaure.
Menkaure closely misses you.
Unknown command.
Casting: Freeze (safe; 1% risk of failure)
Confirm with . or Enter, or press ? or * to list all spells.
Aiming: Freeze (safe; 1% risk of failure)
Press: ? - help, Shift-Dir - straight line, f/p - Menkaure
Aim: Menkaure (heavily damaged, fast)
You freeze Menkaure.
Menkaure resists.
Menkaure is heavily damaged.
The wall freezes Sigmund.
Sigmund gestures wildly while chanting.
Sigmund flickers and vanishes!
Deactivating autopickup; reactivate with Ctrl-A.
Menkaure resists.
The wall freezes Menkaure.
Menkaure hits you!!
Ouch! That really hurt!
You die...

### #.. #
#.# #.#.##
#####.#..##
........#@#
#..{M##
#..#.#
#..#.#
#..#..
.......
#.#.#####
#.#) #...


You could see Menkaure (fast).

Vanquished Creatures
  3 gnolls (D:3)
  5 adders
  3 worms
  A dart slug (D:3)
  An orc (D:3)
  4 ball pythons
  6 endoplasms
  3 goblins
  7 hobgoblins
  2 quokkas
  6 bats
  A frilled lizard (D:3)
  5 kobolds
  8 rats
55 creatures vanquished.

Notes
Turn   | Place    | Note
-------+----------+-------------------------------------------
     0 | D:1      | Zeld the Merfolk Ice Elementalist began the quest for the
                  | Orb.
     0 | D:1      | Reached XP level 1. HP: 13/13 MP: 3/3
   268 | D:1      | Found a faded altar of an unknown god.
   358 | D:1      | Reached XP level 2. HP: 19/19 MP: 3/5
  1088 | D:2      | Reached XP level 3. HP: 24/24 MP: 2/6
  1094 | D:2      | Learned a level 3 spell: Frozen Ramparts
  1539 | D:2      | Reached skill level 5 in Ice Magic
  1604 | D:2      | Found Pihyam's Antique Weapon Emporium.
  1945 | D:2      | Reached XP level 4. HP: 25/30 MP: 3/7
  1952 | D:2      | Learned a level 3 spell: Ozocubu's Armour
  2413 | D:2      | You fall into a shaft and drop 1 floor!
  2413 | D:3      | Found a shadowy altar of Dithmenos.
  3313 | D:3      | Reached XP level 5. HP: 18/35 MP: 4/9
  3860 | D:4      | Noticed Menkaure
  3861 | D:4      | Noticed Sigmund
  3869 | D:4      | Mangled by Menkaure

Illustrated notes

Levels and vault maps discovered:
D:1:      sevenhm_arrival_forest_fort_large_4, layout_basic,
          nicolae_ecumenical_lake_church, serial_bayou_lagoon_a,
          chequers_serial_rivers_micro_d
D:2:      layout_loops_ring, serial_shops, nicolae_shop_stone,
          minmay_randomly_rotated_circles
D:3:      layout_loops_cross, overflow_temple_1_default
D:4:      layout_loops_ring, yredelemnul_altar_generic, hex_tiny, uniq_natasha,
          uniq_menkaure, uniq_sigmund

Skill      XL: |  1  2  3  4 |
---------------+-------------+-----
Dodging        | 3 |  3.8
Ice Magic      | 5 |  5.6
Stealth        | 3 |  3.3
Spellcasting   | |  2.7

Action                   |  1- 3 |  4- 6 || total
-------------------------+-------+-------++-------
Melee: Unarmed           |     5 |     4 ||     9
       Spear             |       |     1 ||     1
       Halberd           |       |     8 ||     8
 Cast: Freeze            |    57 |    39 ||    96
       Frozen Ramparts   |       |     4 ||     4
 Stab: Sleeping          |       |     4 ||     4
Armor: Robe              |     3 |     4 ||     7
Dodge: Dodged            |    37 |    34 ||    71
